 Dungeon Crawl Stone Soup version 0.30-a0-371-gad7725a93e (webtiles) character file.

Game seed: 10309265700665821963

72 Pooter the Trooper (level 4, -5/41 HPs)
             Began as a Minotaur Berserker on Nov 22, 2022.
             Was a Follower of Trog.
             Splashed by a jelly's acid (7 damage)
             ... on level 2 of the Dungeon.
             The game lasted 00:03:20 (216 turns).

Pooter the Trooper (Minotaur Berserker)              Turns: 216, Time: 00:03:21

Health: -5/41      AC: -2    Str: 23    XL:     4   Next: 7%
Magic:  3/3        EV: 11    Int:  4    God:    Trog [*.....]
Gold:   26         SH:  0    Dex: 10    Spells: 3/3 levels left

rFire   . . .      SeeInvis .    a - +0 hand axe
rCold   . . .      Faith    .    (no shield)
rNeg    . . .      Spirit   .    f - +0 ring mail
rPois   .          Reflect  .    (helmet restricted)
rElec   .          Harm     .    (no cloak)
rCorr   .          Rampage  .    (no gloves)
Will    .....                    (no boots)
Stlth   ..........               (no amulet)
HPRegen 0.26/turn                (no ring)
MPRegen 0.08/turn                (no ring)

@: corroded, on berserk cooldown, slowed, very slow
A: horns 2, retaliatory headbutt
a: Renounce Religion, Berserk


You were on level 2 of the Dungeon.
You worshipped Trog.
Trog was aware of your devotion.
You visited 1 branch of the dungeon, and saw 2 of its levels.

You collected 26 gold pieces.

Inventory:

Hand Weapons
 a - a +0 hand axe (weapon)
 b - a +0 sling
   (You found it on level 2 of the Dungeon)
Missiles
 Q - 20 stones (quivered)
Armour
 f - a +0 ring mail (worn)
   (You found it on level 2 of the Dungeon)
Scrolls
 e - a scroll of poison {unknown}
Potions
 d - a potion of heal wounds {unknown}


   Skills:
 * Level 4.7 Fighting
 + Level 4.2 Axes
 + Level 1.5 Ranged Weapons
 - Level 2.4 Armour
 + Level 2.9 Dodging


You had 3 spell levels left.
You didn't know any spells.
Your spell library was empty.

Dungeon Overview and Level Annotations

Branches:
Dungeon (1/15)

Altars:


Innate Abilities, Weirdness & Mutations

You have a pair of horns on your head.
You reflexively headbutt those who attack you in melee.


Message History

You have reached level 3!
Your experience leads to an increase in your attributes!
Increase (s)trength, (i)ntelligence, or (d)exterity?
You feel stronger. x2
You hit the endoplasm.
An endoplasm comes into view.
The endoplasm closely misses you. You furiously retaliate!
You headbutt the endoplasm!
You kill the endoplasm!
Trog accepts your kill. 2 jellies and 5 endoplasms come into view.
Found two bat skeletons, two hobgoblin skeletons and 5 stones.
The endoplasm quivers. x2; The jelly quivers. x2; The endoplasm quivers. x3
There is an open door here.
You slash the endoplasm!
You kill the endoplasm!
Trog accepts your kill.
The endoplasm hits the toadstool.
You barely miss the endoplasm. You headbutt the endoplasm.
You kill the endoplasm!
Trog accepts your kill.
The endoplasm hits the toadstool.
You feel a strong urge to attack something.
You feel your anger nearly subside.
You are no longer berserk.
You are exhausted.
You feel yourself slow down.
Things that are here:
a +0 short sword; a kobold corpse You slash the jelly!
Your hands burn!
The jelly hits you but does no damage.
You slash the jelly!
Your hands burn!
The jelly hits you.
You are splashed with acid!
* * * LOW HITPOINT WARNING * * *
The jelly hits you but does no damage.
You hit the jelly.
You kill the jelly!
Trog accepts your kill.
You have reached level 4!
You feel agile.
You hit the jelly.
Your hands burn!
* * * LOW HITPOINT WARNING * * *
The jelly hits you.
* * * LOW HITPOINT WARNING * * *
The acid corrodes you!
You are splashed with acid!
* * * LOW HITPOINT WARNING * * *
You hit the jelly.
Your hands burn!
* * * LOW HITPOINT WARNING * * *
You headbutt the jelly. The jelly hits you.
* * * LOW HITPOINT WARNING * * *
The acid corrodes you!
You are splashed with acid!
You die...

##'''####..#......# ##.
##...## #..##.###># #.)
##.....####.....##.###.#
#.......# #:..........#
#.....[.# ##.####......
#.......# #..>........
#.......# ####..####..
#....#### #..# ...
#....'.@## .... ###.
########J# ..... #.
##J..)..## .... .
#J####### #.÷...P.PJ
#.P÷PJ..P. #÷P..JP...
#.P.JJJ... #÷..P.P.÷.


You could see a jelly.

Vanquished Creatures
  2 jellies (D:2)
  4 endoplasms (D:2)
  8 kobolds (D:2)
  A rat (D:2)
15 creatures vanquished.

Vanquished Creatures (others)
  3 fungi (D:2)
  8 toadstools (D:2)
11 creatures vanquished.

Grand Total: 26 creatures vanquished

Notes
Turn   | Place    | Note
-------+----------+-------------------------------------------
     0 | D:1      | Pooter the Minotaur Berserker began the quest for the Orb.
     0 | D:1      | Reached XP level 1. HP: 19/19 MP: 0/0
     7 | D:1      | You fall into a shaft and drop 1 floor!
   119 | D:2      | Reached XP level 2. HP: 27/27 MP: 1/1
   197 | D:2      | Reached skill level 1 in Ranged Weapons
   197 | D:2      | Reached XP level 3. HP: 34/34 MP: 2/2
   215 | D:2      | Reached XP level 4. HP: 19/41 MP: 3/3
   216 | D:2      | HP: 2/41 [jelly (1)]
   216 | D:2      | Splashed by a jelly's acid

Illustrated notes

Levels and vault maps discovered:
D:1:      heliophobic_arrival_enchanted_forest, layout_basic
D:2:      cheibrodos_fertilizer, layout_rooms, nicolae_ecumenical_snake_handling

Skill      XL: |  1  2 |
---------------+-------+-----
Fighting       | 4 |  4.7
Axes           | 4 |  4.2
Ranged Weapons | 1 |  1.5
Armour         | |  2.4
Dodging        | |  2.9

Action                   |  1- 3 |  4- 6 || total
-------------------------+-------+-------++-------
Melee: Hand axe          |    20 |     2 ||    22
       Headbutt          |     3 |     1 ||     4
 Fire: Sling             |     3 |       ||     3
Invok: Berserk           |     2 |       ||     2
Armor: Ring mail         |     6 |       ||     6
Dodge: Dodged            |     6 |       ||     6

Table legend: (Time is in decaauts)
 A = Elapsed time spent in this place.
 B = Non-inter-level travel time spent in this place.
 C = Inter-level travel time spent in this place.
 D = Time resting spent in this place.
 E = Time spent auto-exploring this place.
 F = Levels seen in this place.
 G = Mean time per level.
                   A        B        C        D        E       F      G
               +--------+--------+--------+--------+--------+-----+--------+
         Total |    228 |    228 |      0 |     50 |     63 |   2 |  114.0 |
       Dungeon |    228 |    228 |      0 |     50 |     63 |   2 |  114.0 |
               +--------+--------+--------+--------+--------+-----+--------+

Top non-repeatable levels by time:
     D:2: 221 daAuts
     D:1: 7 daAuts
